Map: Blueshift LE

Players

llIIIllIIIIl

  • Race: Protoss Protoss
  • League: Master
  • Spawn Location: 1:00

llIllllIllll - Winner!

  • Race: Protoss Protoss
  • League: Master
  • Spawn Location: 7:00

VOD

Have the link to the VOD?

Description

Time

  • Played on: Jan. 5, 2019, 6:26 p.m.
  • Length: 8:11
Show
View Real Time Build Order
Export as new Build Order

llIIIllIIIIl Protoss 

Build Orders:  

Get SALT Encoding   

  12  0:02  Probe  
  14  0:14  Probe  
  14  0:18  Pylon  
  14  0:26  Probe  
  15  0:36  Probe  
  15  0:37  Forge  
  16  0:44  Probe  
  17  0:53  Probe  
  18  1:09  Pylon  
  18  1:10  Pylon  
  18  1:11  Pylon  
  18  1:15  Probe  
  19  1:27  Photon Cannon  
  19  1:53  Pylon  
  19  1:55  Pylon  
  19  2:01  Pylon  
  19  2:15  Photon Cannon  
  19  2:21  Pylon  
  18  2:42  Photon Cannon  
  18  2:43  Photon Cannon  
  18  2:57  Photon Cannon  
  17  3:10  Photon Cannon  
  17  3:12  Photon Cannon  
  16  3:53  Photon Cannon  
  16  3:56  Photon Cannon  
  15  4:13  Nexus  
  6  5:31  Probe  
  7  5:41  Probe  
  8  5:53  Probe  
  9  6:12  Gateway  
  9  6:23  Assimilator  
  9  6:38  Probe  
  9  6:46  Probe  
  11  7:01  Zealot  
Show
View Real Time Build Order
Export as new Build Order

llIllllIllll Protoss - Winner!

Build Orders:  

Get SALT Encoding   

  12  0:01  Probe  
  13  0:13  Probe  
  14  0:18  Pylon  
  14  0:27  Probe  
  15  0:36  Probe  
  15  0:38  Gateway  
  16  0:44  Probe  
  17  0:59  Pylon  
  17  1:05  Probe  
  18  1:17  Probe  
  19  1:22  Zealot  
  19  1:23  Assimilator  
  19  1:27  Assimilator  
  21  1:35  Probe  
  22  1:47  Probe  
  23  2:18  Nexus  
  23  2:36  Pylon  
  23  2:46  Zealot  
  23  2:53  Pylon  
  25  3:07  Zealot  
  27  3:43  Pylon  
  27  3:44  Pylon  
  27  3:45  Pylon  
  27  3:46  Assimilator  
  20  5:00  Nexus  
  20  5:25  Probe  
  21  5:36  Probe  
  21  5:41  Gateway  
  22  5:44  Probe  
  23  5:52  Probe  
  24  6:01  Forge  
  24  6:03  Probe  
  25  6:13  Assimilator  
  25  6:19  Pylon  
  25  6:24  Probe  
  25  6:30  Probe  
  25  6:32  Probe  
  27  6:42  Probe  
  27  6:44  Probe  
  27  6:46  Cybernetics Core  
  29  6:50  Pylon  
  29  7:09  Pylon  
  29  7:14  Photon Cannon  
  29  7:16  Photon Cannon  
  29  7:28  Photon Cannon  
Tags
 
Matchup
PvP
Spawn Locations
Cross Positions
Add a new tag
Caveats
  • Supply blocks, unpowered buildings, or Contaminate may cause inaccurate times.
  • Supply counts are checked every 10 seconds.